 Dungeon Crawl Stone Soup version 0.15.0-12-gccce430 (webtiles) character file.

126 sprout the Vandal (level 5, -2/29 HPs)
             Began as a Kobold Arcane Marksman on Sept 1, 2014.
             Slain by tkappleton's ghost (5 damage)
             ... on Level 3 of the Dungeon.
             The game lasted 00:08:43 (1796 turns).

sprout the Vandal (Kobold Arcane Marksman)          Turns: 1796, Time: 00:08:43

HP  -2/29        AC  2     Str 10      XL: 5   Next: 31%
MP   7/7         EV 15     Int 11      God:
Gold 126         SH  0     Dex 16      Spells:  1 memorised,  5 levels left

rFire  . . .     SeeInvis .     n - +3 hunting sling (flame)
rCold  . . .     Clarity  .     a - +0 robe
rNeg   . . .     rCorr    .     (no shield)
rPois  .         rRot     .     (no helmet)
rElec  .         Spirit   .     (no cloak)
SustAb .         Warding  .     (no gloves)
rMut   .         Stasis   .     (no boots)
Gourm  .                        (no amulet)
MR     .....                    (no ring)
                                (no ring)

@: not resistant to hostile enchantments, very unstealthy
A: carnivore 3
a: no special abilities


You were on level 3 of the Dungeon.
You were full.

You visited 1 branch of the dungeon, and saw 4 of its levels.

You collected 126 gold pieces.

Inventory:

Hand weapons
 b - a +0 hunting sling
 n - a +3 hunting sling of flaming (weapon)
Missiles
 i - 70 stones (quivered)
Armour
 a - a +0 robe (worn)
Comestibles
 f - 2 meat rations
 h - a royal jelly
 k - a slice of pizza
Scrolls
 e - a scroll of remove curse
 g - 4 scrolls of identify
 j - a scroll of noise
Jewellery
 c - an uncursed ring of sustain abilities {unknown}
Potions
 m - a potion of agility {unknown}
 p - a potion of cure mutation {unknown}
 s - a potion of mutation {unknown}
Books
 d - a book of Debilitation

   Spells                             Type                      Level
   *Corona                            Hexes                        1
   Slow                               Hexes                        2
   Inner Flame                        Hexes/Fire                   3
   Enslavement                        Hexes                        4
   Cause Fear                         Hexes                        4
   Leda's Liquefaction                Hexes/Earth                  4


   Skills:
 - Level 1.1 Fighting
 + Level 6.1 Slings
 - Level 2.4 Dodging
 - Level 1.0 Spellcasting
 - Level 3.0 Hexes


You had 5 spell levels left.
You knew the following spells:

 Your Spells              Type           Power        Failure   Level  Hunger
a - Corona                Hex            #......      12%         1    ##.....


Dungeon Overview and Level Annotations

Branches:
Dungeon (4/15)
 Temple: D:4-7

Altars:

Annotations:
D:3 tkappleton's ghost, average MiBe
D:4 Blork the orc; Dowan; Duvessa; Eustachio


Innate Abilities, Weirdness & Mutations

You are small and have problems with some larger weapons.
You are carnivorous and can eat meat at any time.


Message History

The bat barely misses you.
Blork the orc casts a spell.
Blork the orc seems to speed up.
Blork the orc becomes somewhat translucent.
The bat barely misses you. The bat misses you. The bat misses you.
There is an open door here.
The bat closely misses you. The bat misses you.
There is a stone staircase leading up here.
The bat barely misses you.
You climb upwards.
Level annotation: tkappleton's ghost, average MiBe The bat completely misses you.
Tkappleton's ghost hits you!
* * * LOW HITPOINT WARNING * * *
There is a stone staircase leading down here.
As you open the door, it creaks loudly!
You hear a shout!
The bat completely misses you. Tkappleton's ghost hits you.
You die...

≈≈≈PP.# *♣♣≈P.###### ♣≈≈P...≈..#
******** ♣♣P≈P.P♣≈≈.# *,,,,,,*
P≈≈≈..≈≈≈♣%## *####*,****,*
≈≈≈≈...≈≈♣..# *...,,,,* *,*
PP≈.....P...#####.#***,,* *,*
#(P..........##.bW# *,,* *,*
......?.........@#* *,,* *,*
####.#.#.###+##'##** *,,* *,* #
#.#.#.#,,,...,,,* *,,* *,* *** #
#.#.b.+,.....,,,* *,,***,* *,,
####.#.###......,,,* *,,,,*,* *,*
..b..#.# *......,,,***,,,,*,* *,*
.....#.# *,.....,,,+,,<,*,*,* *,*
.....#.#**,,....,,,********,* *,*
..)..#..,,,,,,,.,,,+,,,,,,,,***,*


You could see tkappleton's ghost and a bat.

Vanquished Creatures
  Natasha (D:3)
  A worker ant (D:3)
  An adder (D:2)
  A gnoll (D:1)
  A giant mite (D:3)
  A worm (D:2)
  An iguana skeleton (D:3)
  2 giant geckos (D:1)
  An orc (D:3)
  4 bats
  2 giant cockroaches
  6 goblins
  8 hobgoblins
  3 kobolds
  A quokka (D:2)
  2 giant newts
  3 rats
39 creatures vanquished.

Notes
Turn   | Place    | Note
--------------------------------------------------------------
     0 | D:1      | sprout, the Kobold Arcane Marksman, began the quest for the Orb.
     0 | D:1      | Reached XP level 1. HP: 12/12 MP: 2/2
   167 | D:1      | Reached XP level 2. HP: 16/16 MP: 3/3
   529 | D:1      | Reached skill level 4 in Slings
   529 | D:1      | Reached XP level 3. HP: 10/20 MP: 4/4
  1000 | D:2      | Reached XP level 4. HP: 25/25 MP: 5/5
  1009 | D:2      | Reached skill level 5 in Slings
  1134 | D:3      | Noticed Natasha
  1139 | D:3      | Killed Natasha
  1178 | D:3      | Reached skill level 6 in Slings
  1178 | D:3      | Reached XP level 5. HP: 29/29 MP: 7/7
  1327 | D:3      | Noticed tkappleton's ghost (average MiBe)
  1749 | D:4      | Noticed Eustachio
  1778 | D:4      | Noticed Dowan
  1779 | D:4      | Noticed Duvessa
  1779 | D:4      | Noticed Blork the orc
  1796 | D:3      | Slain by tkappleton's ghost

Action                   |  1- 3 |  4- 6 || total
-------------------------+-------+-------++-------
 Fire: Hunting sling     |    74 |    44 ||   118
  Use: Scroll            |     4 |     4 ||     8
  Eat: Chunk             |       |     1 ||     1
       Meat ration       |       |     1 ||     1
